 Dungeon Crawl Stone Soup version 0.13-a0-1553-g7307ddf (webtiles) character file.

282 Kae the Chiller (level 5, 0/39 HPs)
             Began as a Draconian Ice Elementalist on June 10, 2013.
             Slain by a wight
             ... wielding a +1,+3 long sword
              (7 damage)
             ... on Level 3 of the Dungeon.
             The game lasted 00:04:42 (2447 turns).

Kae the Chiller (Draconian Ice Elementalist)        Turns: 2447, Time: 00:04:42

HP   0/39        AC  5     Str 15      XL: 5   Next:  7%
MP   7/9         EV 12     Int 16      God:
Gold 135         SH  0     Dex 12      Spells:  2 memorised,  5 levels left

Res.Fire  : . . .   See Invis. : .     - Unarmed
Res.Cold  : . . .   Warding    : .   (armour unavailable)
Life Prot.: . . .   Conserve   : .   (no shield)
Res.Poison: .       Res.Corr.  : .   (helmet restricted)
Res.Elec. : .       Clarity    : .   (no cloak)
Sust.Abil.: . .     Spirit.Shd : .   (no gloves)
Res.Mut.  : .       Stasis     : .   (no boots)
Res.Rott. : .       Flight     : .   (no amulet)
Saprovore : . . .                    (no ring)
                                     (no ring)

@: mighty, slightly resistant to hostile enchantments, fairly stealthy
A: unfitting armour, AC +5
a: no special abilities


You were on level 3 of the Dungeon.
You were very hungry.

You visited 1 branch of the dungeon, and saw 3 of its levels.

You collected 115 gold pieces.

Inventory:

Comestibles
 c - 5 bread rations
 k - an apple
 o - a pear
Scrolls
 d - 2 scrolls of enchant weapon II {unknown}
 f - 4 scrolls of fear {unknown}
 g - a scroll of curse armour {unknown}
 i - a scroll of identify {unknown}
 n - a scroll of enchant armour {unknown}
Jewellery
 l - an uncursed ring of poison resistance {unknown}
Books
 b - a book of Frost

   Spells                             Type                      Level
   *Freeze                            Ice                          1
   *Throw Frost                       Conjuration/Ice              2
   Ozocubu's Armour                   Charms/Ice                   3
   Throw Icicle                       Conjuration/Ice              4
   Summon Ice Beast                   Ice/Summoning                4
   Condensation Shield                Ice                          4
 j - a book of Power

   Spells                             Type                      Level
   Iskenderun's Mystic Blast          Conjuration                  4
   Venom Bolt                         Conjuration/Poison           5
   Bolt of Magma                      Conjuration/Fire/Earth       5
   Poisonous Cloud                    Conjuration/Poison/Air       6
   Iron Shot                          Conjuration/Earth            6
   Orb of Destruction                 Conjuration                  7


   Skills:
 + Level 1.6 Fighting
 - Level 2.2 Dodging
 - Level 2.1 Stealth
 - Level 0.2 Traps
 - Level 1.0 Unarmed Combat
 + Level 2.1 Spellcasting
 * Level 2.2 Conjurations
 + Level 4.0 Ice Magic


You had 5 spell levels left.
You knew the following spells:

 Your Spells              Type           Power        Failure   Level  Hunger
a - Freeze                Ice            ##..         4%          1    #......
b - Throw Frost           Conj/Ice       ##....       10%         2    ###....


Dungeon Overview and Level Annotations

Branches:
Dungeon (3/27)

Altars:
Kikubaaqudgha


Message History

Unknown command.
The wight hits you but does no damage.
There is a stone staircase leading up here.
The wight hits you with a long sword!
* * * LOW HITPOINT WARNING * * *
You are feeling very hungry.
Your magical contamination has completely faded away.
Drink which item? (? for menu, Esc to quit)
You feel very mighty all of a sudden.
It was a potion of might.
The wight hits you with a long sword.
* * * LOW HITPOINT WARNING * * *
You hear the slow rusting of a drain, a long way away.
You aren't carrying any potions.
Casting: Freeze
Confirm with . or Enter, or press ? or * to list all spells.
Aiming: Throw Frost
Press: ? - help, Shift-Dir - straight line, f - wight
Aim: a wight, wielding a long sword and wearing a robe (lightly damaged)
The puff of frost misses the wight.
The wight hits you with a long sword!
You die...

...# #......#.......# #....##.#
##.# #......#.####..# #....##.#
##.# #......#.##....###....##.##
##.##.#......#..............##.#.
......#......#.##..#.###....##.#.
##.####......#.##..#.#......##.#.
.#.# ######.#<....#.#.#...###.#.
...#########.#.##z.#.#.###.###.#.
................@..............##
.###########.###.....#.###.#####
.##........................######
.................................
.#..########(###.....#.#.........
.#..# #................####.
.#..# #####....##.#.#..# #. .#..#
#########.###.#.#..# #. .#..#
#....)........#.#..# #.


You could see a wight.

Vanquished Creatures
  An orc priest (D:3)
  An orc wizard (D:3)
  7 adders
  7 orcs
  9 bats
  4 hobgoblins
  5 kobolds
  A ball python (D:2)
  A giant cockroach (D:1)
  3 giant newts
  8 goblins
  6 rats (D:1)
53 creatures vanquished.

Notes
Turn   | Place    | Note
--------------------------------------------------------------
     0 | D:1      | Kae, the Draconian Ice Elementalist, began the quest for the Orb.
     0 | D:1      | Reached XP level 1. HP: 14/14 MP: 3/3
   435 | D:1      | Reached XP level 2. HP: 14/20 MP: 2/4
   439 | D:1      | Learned a level 2 spell: Throw Frost
  1028 | D:1      | Reached XP level 3. HP: 26/26 MP: 5/5
  1492 | D:2      | Reached skill level 1 in Unarmed Combat
  1492 | D:2      | Reached XP level 4. HP: 33/33 MP: 4/7
  1713 | D:3      | Reached skill level 1 in Fighting
  2076 | D:3      | Reached XP level 5. HP: 33/38 MP: 6/9
  2131 | D:3      | Found an ancient bone altar of Kikubaaqudgha.
  2146 | D:3      | Reached skill level 4 in Ice Magic
  2447 | D:3      | Slain by a wight

Action                   |  1- 3 |  4- 6 || total
-------------------------+-------+-------++-------
Melee: Unarmed           |    79 |    22 ||   101
 Cast: Freeze            |    44 |    37 ||    81
       Throw Frost       |       |     2 ||     2
  Use: Potion            |       |     4 ||     4
 Stab: Invisible         |       |     2 ||     2
